 Dungeon Crawl Stone Soup version 0.30-a0-141-g30f27751c5 (webtiles) character file.

Game seed: 3189608612804934508

437 qw the Chopper (level 7, 0/43 HPs)
             Began as a Gargoyle Fighter on Sept 25, 2022.
             Killed from afar by Natasha (3 damage)
             ... with a puff of flame
             ... on level 4 of the Dungeon.
             The game lasted 00:01:25 (4393 turns).

qw the Chopper (Gargoyle Fighter)                   Turns: 4393, Time: 00:01:26

Health: 0/43       AC: 18    Str: 22    XL:     7   Next: 1%
Magic:  7/7        EV:  7    Int:  8    God:
Gold:   146        SH:  4    Dex:  9    Spells: 6/6 levels left

rFire   . . .      SeeInvis +    Y - +1 war axe
rCold   . . .      Faith    .    c - +0 buckler
rNeg    + . .      Spirit   .    m - +0 chain mail
rPois   inf        Reflect  .    a - +0 helmet
rElec   +          Harm     .    (no cloak)
rCorr   .          Rampage  .    h - +1 pair of gloves
Will    .....                    e - +0 pair of boots
Stlth   ..........               (no amulet)
HPRegen 0.14/turn                b - ring of see invisible
MPRegen 0.10/turn                (no ring)

@: no status effects
A: sickness immunity, AC +4, negative energy resistance 1, electricity
resistance, torment resistance 1, petrification resistance
a: no special abilities


You were on level 4 of the Dungeon.
You visited 1 branch of the dungeon, and saw 4 of its levels.

You collected 146 gold pieces.


Innate Abilities, Weirdness & Mutations

You are immune to sickness and miasma.
Your stone body is resilient. (AC +4)
You are immune to poison.
You resist negative energy. (rN+)
You are resistant to electric shocks. (rElec)
You are resistant to unholy torment.
You are immune to petrification.


   Skills:
 - Level 4.0 Fighting
 + Level 6.1 Axes
 - Level 3.2 Armour
 - Level 1.2 Dodging
 - Level 3.2 Shields


You had 6 spell levels left.
You didn't know any spells.
Your spell library was empty.

Inventory:

Hand Weapons
 k - a +0 flail
 Y - a +1 war axe (weapon)
Armour
 a - a +0 helmet (worn)
 c - a +0 buckler (worn)
 e - a +0 pair of boots (worn)
 h - a +1 pair of gloves (worn)
 i - a scarf of repulsion
 m - a +0 chain mail (worn)
Jewellery
 b - a ring of see invisible (left hand)
Potions
 d - a potion of might
 f - 2 potions of attraction
 g - 2 potions of ambrosia {unknown}
 j - a potion of curing {unknown}
 l - a potion of haste {unknown}
 n - a potion of invisibility {unknown}

Dungeon Overview and Level Annotations

Branches:
Dungeon (4/15)
 Temple: D:4-7

Altars:
Hepliaklqana
Nemelex Xobeh

Shops:
D:4 (

Annotations:
D:4 Natasha


Message History

Natasha is carrying a wand of flame (18).
The orc is wielding a +2 whip of electrocution.
Natasha hisses angrily.
The orc warrior shouts!
The orc shouts!
Natasha casts a spell.
Enter note:
4384 ||| Stepping ~*~*~tactically~*~*~ (hiding).
An orc wizard comes into view. It is wielding a +0 dagger.
The orc wizard gestures wildly while chanting.
The orc wizard flickers and vanishes for a moment.
You barely miss the shadow imp. The shadow imp barely misses you.
You closely miss the shadow imp.
Natasha zaps a wand.
The puff of flame hits you. You block the shadow imp's attack.
You slash the shadow imp!
You kill the shadow imp!
The shadow imp disappears in a puff of smoke!
The orc warrior barely misses you. Natasha claws you.
You closely miss Natasha.
The orc warrior hits you from afar with a +0 trident.
Natasha claws you but does no damage.
You barely miss Natasha.
The orc warrior hits you from afar with a +0 trident!
Natasha claws you but does no damage.
The orc warrior hits you from afar with a +0 trident!
You slash the orc wizard!
The orc wizard is severely wounded.
You barely miss Natasha. Natasha claws you but does no damage.
You block the orc warrior's attack.
You closely miss the orc wizard.
The orc wizard is severely wounded.
You slash Natasha! Natasha barely misses you.
You block the orc warrior's attack. The orc wizard closely misses you.
You slash the orc wizard!
You kill the orc wizard!
You hit Natasha. You barely miss the orc.
Natasha mumbles some strange words.
The orc warrior hits you from afar with a +0 trident!
The orc barely misses you.
Natasha zaps a wand.
The puff of flame hits you.
You die...

#.....# ### ##...##
#.....# #### .......
#.....# #... .......
#.....# #... .......
#.....# #...
.......######.....###...
.....o...5........#'#...
......)ho..>.###........
##@.....# #........
#......# #........
#.####...####.....###
#....'...'..'.....+..
########
######...####.....###
#......# #...#........#
# #.####.#
#...#........# # #.# #.#
#...#....##### # #.# #.#
#...############


You could see an orc warrior, Natasha, a white imp (summoned) and an orc.

Vanquished Creatures
  A black bear (D:4)
  A scorpion (D:4)
  A hound (D:4)
  An orc priest (D:4)
  4 orc wizards (D:4)
  5 gnolls
  3 adders
  3 orcs (D:4)
  8 ball pythons
  6 endoplasms
  3 giant cockroaches
  6 goblins
  6 hobgoblins
  4 jackals (D:1)
  A quokka (D:1)
  4 bats
  3 frilled lizards
  12 kobolds
  2 rats
74 creatures vanquished.

Notes
Turn   | Place    | Note
-------+----------+-------------------------------------------
     0 | D:1      | qw the Gargoyle Fighter began the quest for the Orb.
     0 | D:1      | Reached XP level 1. HP: 14/14 MP: 1/1
     0 | D:1      | 0 ||| qw: Version: 0.2-a-10-g399e6c4
     0 | D:1      | 0 ||| qw: Game counter: 158
     0 | D:1      | 0 ||| qw: Always use a shield: true
     0 | D:1      | 0 ||| qw: God list: Okawaru
     0 | D:1      | 0 ||| qw: Allow faded altars: false
     0 | D:1      | 0 ||| qw: Do Orc after D:15 true
     0 | D:1      | 0 ||| qw: Do second Lair branch before Depths: true
     0 | D:1      | 0 ||| qw: Lair rune preference: random
     0 | D:1      | 0 ||| qw: Plans: Normal, Zot:1-4, God:TSO, Crypt, Tomb,
                  | Pan, Slime:5, Hells, Abyss, Orb
     0 | D:1      | 0 ||| PLANNING D:1-11
    43 | D:1      | 43 ||| Stepping ~*~*~tactically~*~*~ (stealth).
    44 | D:1      | 44 ||| Stepping ~*~*~tactically~*~*~ (stealth).
    46 | D:1      | Reached skill level 2 in Axes
    75 | D:1      | Reached XP level 2. HP: 7/19 MP: 2/2
   376 | D:1      | 376 ||| Stepping ~*~*~tactically~*~*~ (stealth).
   397 | D:1      | HP: 2/19 [kobold/+1 short sword of holy wrath (4)]
   671 | D:1      | Reached skill level 3 in Axes
   727 | D:1      | Reached XP level 3. HP: 23/23 MP: 3/3
   859 | D:1      | 859 ||| Stepping ~*~*~tactically~*~*~ (stealth).
   862 | D:1      | 862 ||| Stepping ~*~*~tactically~*~*~ (stealth).
  1051 | D:1      | 1051 ||| DROPPING +0 club.
  1234 | D:1      | 1234 ||| UPGRADING to +0 pair of boots.
  1239 | D:1      | 1239 ||| READING 2 scrolls labelled AQUMUT WEDOOST.
  1242 | D:1      | 1242 ||| DRINKING 3 lumpy puce potions.
  1310 | D:2      | 1310 ||| Stepping ~*~*~tactically~*~*~ (stealth).
  1313 | D:2      | 1313 ||| Stepping ~*~*~tactically~*~*~ (stealth).
  1314 | D:2      | 1314 ||| Stepping ~*~*~tactically~*~*~ (stealth).
  1318 | D:2      | 1318 ||| FLEEEEING.
  1339 | D:2      | 1339 ||| Stepping ~*~*~tactically~*~*~ (stealth).
  1579 | D:2      | 1579 ||| Stepping ~*~*~tactically~*~*~ (stealth).
  1635 | D:2      | 1635 ||| Stepping ~*~*~tactically~*~*~ (hiding).
  1641 | D:2      | Reached XP level 4. HP: 24/28 MP: 4/4
  1644 | D:2      | HP: 7/28 [gnoll/+0 halberd (8)]
  1645 | D:2      | 1645 ||| READING scroll of teleportation.
  1646 | D:2      | HP: 1/28 [gnoll/+0 halberd (6)]
  1647 | D:2      | Reached skill level 4 in Axes
  2081 | D:2      | Found a faded altar of an unknown god.
  2087 | D:2      | 2087 ||| Stepping ~*~*~tactically~*~*~ (hiding).
  2088 | D:2      | 2088 ||| Stepping ~*~*~tactically~*~*~ (hiding).
  2273 | D:2      | 2273 ||| UPGRADING to +0 helmet.
  2278 | D:2      | 2278 ||| READING scroll labelled AHICUSS LESSEMU.
  2279 | D:2      | 2279 ||| READING scroll labelled GEONIOLLICK.
  2280 | D:2      | 2280 ||| READING scroll labelled XAGYUS ZURU.
  2327 | D:2      | 2327 ||| READING scroll labelled ICVOJAGOSY.
  2340 | D:3      | 2340 ||| STAIRDANCE
  2425 | D:3      | Reached XP level 5. HP: 32/32 MP: 5/5
  2440 | D:3      | Found a hazy altar of Hepliaklqana.
  2469 | D:3      | 2469 ||| Stepping ~*~*~tactically~*~*~ (stealth).
  2512 | D:3      | 2512 ||| Stepping ~*~*~tactically~*~*~ (stealth).
  2521 | D:3      | 2521 ||| Stepping ~*~*~tactically~*~*~ (stealth).
  2537 | D:3      | 2537 ||| Stepping ~*~*~tactically~*~*~ (stealth).
  2561 | D:3      | 2561 ||| Stepping ~*~*~tactically~*~*~ (stealth).
  2609 | D:3      | Found a sparkling altar of Nemelex Xobeh.
  2619 | D:3      | 2619 ||| UPGRADING to +0 pair of gloves.
  2624 | D:3      | 2624 ||| UPGRADING to +0 chain mail.
  2634 | D:3      | 2634 ||| DROPPING +0 scale mail.
  2635 | D:3      | 2635 ||| READING scroll labelled KAERGH SUPT.
  2636 | D:3      | 2636 ||| READING scroll labelled SOJUEN SAEFEIS.
  2637 | D:3      | 2637 ||| Stepping randomly (stuck).
  2638 | D:3      | 2638 ||| Stepping randomly (stuck).
  2706 | D:3      | 2706 ||| DROPPING +0 whip.
  3156 | D:3      | 3156 ||| UPGRADING to ring of see invisible.
  3173 | D:4      | Found Xut Kuigg's Antique Weapon Shop.
  3195 | D:4      | 3195 ||| STAIRDANCE
  3424 | D:4      | Noticed a black bear
  3435 | D:4      | HP: 7/32 [black bear (7)]
  3436 | D:4      | 3436 ||| DRINKING potion of heal wounds.
  3437 | D:4      | Killed a black bear
  3438 | D:4      | Reached skill level 5 in Axes
  3438 | D:4      | Reached XP level 6. HP: 37/37 MP: 6/6
  3580 | D:4      | 3580 ||| Stepping ~*~*~tactically~*~*~ (hiding).
  3590 | D:4      | HP: 5/38 [orc priest/divine providence (13)]
  3895 | D:4      | 3895 ||| READING scroll of enchant armour.
  3895 | D:4      | 3895 ||| ENCHANTING +0 pair of gloves.
  3910 | D:4      | 3910 ||| Stepping ~*~*~tactically~*~*~ (stealth).
  3912 | D:4      | 3912 ||| Stepping ~*~*~tactically~*~*~ (stealth).
  3956 | D:4      | 3956 ||| Stepping ~*~*~tactically~*~*~ (hiding).
  3991 | D:4      | 3991 ||| FLEEEEING.
  3994 | D:4      | 3994 ||| FLEEEEING.
  4035 | D:4      | 4035 ||| Stepping ~*~*~tactically~*~*~ (stealth).
  4040 | D:4      | 4040 ||| Stepping ~*~*~tactically~*~*~ (stealth).
  4041 | D:4      | 4041 ||| Stepping ~*~*~tactically~*~*~ (stealth).
  4051 | D:4      | Reached skill level 6 in Axes
  4236 | D:4      | 4236 ||| Stepping ~*~*~tactically~*~*~ (stealth).
  4238 | D:4      | 4238 ||| Stepping ~*~*~tactically~*~*~ (hiding).
  4240 | D:4      | 4240 ||| Stepping ~*~*~tactically~*~*~ (hiding).
  4262 | D:4      | Reached skill level 1 in Dodging
  4262 | D:4      | Reached XP level 7. HP: 33/43 MP: 7/7
  4383 | D:4      | Noticed Natasha
  4384 | D:4      | 4384 ||| Stepping ~*~*~tactically~*~*~ (hiding).
  4393 | D:4      | HP: 3/43 [orc warrior/+0 trident (11)]
  4393 | D:4      | Killed from afar by Natasha

Levels and vault maps discovered:
D:1:      erik_arrival_orb_chamber, layout_loops_ring
D:2:      layout_basic, hellmonk_ecumenical_altar_leap_of_faith,
          hangedman_decor_clover_reticule, minmay_misc_feat_five,
          kennysheep_generic_room_13
D:3:      layout_loops_ring, mainiacjoe_overflow_small_starburst,
          amcnicky_altar_gilded
D:4:      layout_basic, serial_shops, nicolae_stop_n_shop_1, uniq_natasha

Skill      XL: |  1  2  3  4  5  6 |
---------------+-------------------+-----
Axes           | 2 3 4 5 6 |  6.1
Fighting       | 4 |  4.0
Dodging        | 1 |  1.2
Armour         | |  3.2
Shields        | |  3.2

Action                   |  1- 3 |  4- 6 |  7- 9 || total
-------------------------+-------+-------+-------++-------
Melee: War axe           |    91 |   169 |     8 ||   268
  Use: Scroll            |     1 |     8 |       ||     9
       Potion            |     1 |     1 |       ||     2
Armor: Scale mail        |    39 |    36 |       ||    75
       Chain mail        |       |    85 |     3 ||    88
Dodge: Dodged            |    44 |    61 |     5 ||   110
Block: Buckler           |    17 |    28 |     3 ||    48

Table legend:
 A = Non-vault XP
 B = Vault XP
 C = Vault XP percentage of total XP
 D = Non-vault monster count
 E = Vault monster count
 F = Vault count percentage of total count
                 A         B        C        D         E       F
            +---------+---------+-------+---------+---------+-------
      Total |     645 |      15 |   2.3 |      72 |       2 |   2.7
            +---------+---------+-------+---------+---------+-------
        D:1 |      52 |       0 |   0.0 |      23 |       0 |   0.0
        D:2 |      91 |      15 |  14.2 |      17 |       2 |  10.5
        D:3 |      21 |       0 |   0.0 |      13 |       0 |   0.0
        D:4 |     481 |       0 |   0.0 |      19 |       0 |   0.0
            +---------+---------+-------+---------+---------+-------
